 Dungeon Crawl Stone Soup version 0.28.0-53-g5a82cb258f (webtiles) character file.

Game seed: 5140711461470884452

823 SanguineChosen the Cudgeller (level 7, 0/44 HPs)
             Began as a Gargoyle Fighter on July 18, 2022.
             Slain by a killer bee (5 damage)
             ... on level 6 of the Dungeon.
             The game lasted 00:08:01 (4239 turns).

SanguineChosen the Cudgeller (Gargoyle Fighter)     Turns: 4239, Time: 00:08:02

Health: 0/44       AC:  6    Str: 22    XL:     7   Next: 96%
Magic:  7/7        EV:  9    Int:  8    God:
Gold:   206        SH:  4    Dex:  9    Spells: 6/6 levels left

rFire   . . .      SeeInvis .   a - +0 flail
rCold   . . .      Faith    .   c - +0 buckler
rNeg    + . .      Spirit   .   b - +0 scale mail
rPois   ∞          Reflect  .   l - +0 helmet
rElec   +          Harm     .   (no cloak)
rCorr   .          Rampage  .   f - +0 pair of gloves
Will    .....                   (no boots)
Stlth   ..........              (no amulet)
HPRegen 0.14/turn               (no ring)
MPRegen 0.10/turn               (no ring)

@: corroded
A: sickness immunity, AC +4, negative energy resistance 1, electricity
resistance, torment resistance 1, petrification resistance
a: no special abilities


You were on level 6 of the Dungeon.
You visited 1 branch of the dungeon, and saw 7 of its levels.

You collected 206 gold pieces.

Inventory:

Hand Weapons
 a - a +0 flail (weapon)
 k - a +1 dagger of venom
Missiles
 t - 2 poisoned darts (quivered)
Armour
 b - a +0 scale mail (worn)
 c - a +0 buckler (worn)
 f - a +0 pair of gloves (worn)
 l - a +0 helmet (worn)
Wands
 o - a wand of polymorph (6)
Scrolls
 e - 6 scrolls of teleportation {unknown}
 g - 2 scrolls of enchant armour {unknown}
 h - a scroll of fog {unknown}
 n - a scroll of blinking {unknown}
 q - a scroll of magic mapping {unknown}
 s - a scroll of holy word {unknown}
Potions
 d - a potion of might
 i - a potion of berserk rage {unknown}
 j - 3 potions of invisibility {unknown}
 m - 2 potions of brilliance {unknown}
 r - a potion of attraction {unknown}


   Skills:
 + Level 5.0 Fighting
 + Level 5.7 Maces & Flails
 + Level 0.3 Throwing
 + Level 5.7 Armour
 + Level 1.5 Dodging
 + Level 1.3 Stealth
 + Level 4.1 Shields


You had 6 spell levels left.
You didn't know any spells.
Your spell library contained the following spells:

 Spells                   Type           Power      Damage    Failure   Level
 Foxfire                  Conj/Fire      0%         2x1d4     80%         1
 Sandblast                Erth           0%         2d4       80%         1
 Shock                    Conj/Air       0%         1d3       80%         1
 Summon Small Mammal      Summ           0%         N/A       80%         1
 Passwall                 Tmut/Erth      0%         N/A       91%         2
 Call Canine Familiar     Summ           0%         N/A       99%         3
 Conjure Flame            Conj/Fire      0%         6-21      99%         3
 Inner Flame              Hex/Fire       0%         N/A       99%         3
 Stone Arrow              Conj/Erth      0%         3d7       99%         3
 Summon Guardian Golem    Hex/Summ       0%         N/A       99%         3
 Swiftness                Air            0%         N/A       99%         3
 Airstrike                Air            0%         N/A       100%        4
 Animate Armour           Summ/Erth      0%         N/A       100%        4
 Flame Wave               Conj/Fire      0%         2d4       100%        4
 Lehudib's Crystal Spear  Conj/Erth      0%         10d2      100%        8


Dungeon Overview and Level Annotations

Branches:
Dungeon (7/15)
 Temple: D:4-7

Altars:
Gozag
Nemelex Xobeh
Okawaru
Wu Jian
Zin


Innate Abilities, Weirdness & Mutations

You are immune to sickness and miasma.
Your stone body is resilient. (AC +4)
You are immune to poison.
You resist negative energy. (rN+)
You are resistant to electric shocks. (rElec)
You are resistant to unholy torment.
You are immune to petrification.


Message History

The ice beast is almost dead.
The ice beast barely misses you.
You sock the ice beast!
You kill the ice beast!
You barely miss the jelly. The jelly closely misses you.
You hit the jelly. The acid corrodes you!
Your hands burn!
The jelly is lightly wounded.
The jelly barely misses you.
You sock the jelly!
Your hands burn!
* * * LOW HITPOINT WARNING * * *
The jelly is moderately wounded.
The jelly hits you but does no damage.
You feel much better. The jelly hits you but does no damage.
You hit the jelly.
Your hands burn!
The jelly is heavily wounded.
The jelly hits you. The acid corrodes you!
You are splashed with acid!
You hit the jelly but do no damage.
Your hands burn!
* * * LOW HITPOINT WARNING * * *
The jelly is heavily wounded.
The jelly hits you but does no damage. The jelly hits you.
* * * LOW HITPOINT WARNING * * *
You are splashed with acid.
* * * LOW HITPOINT WARNING * * *
The jelly hits you but does no damage. The jelly hits you but does no damage.
There is a stone staircase leading down here.
Aiming: Polymorph
Press: ? - help, Q - select action, (/) - cycle Shift-Dir - straight line, f - jelly
Aim: a jelly (heavily wounded, will become a ball python, a river rat, or a killer bee, chance to affect: 57%)
The jelly resists with significant effort.
You block the jelly's attack.
Aiming: Polymorph
Press: ? - help, Q - select action, (/) - cycle Shift-Dir - straight line, f/p - jelly
Aim: a jelly (heavily wounded, will become a ball python, a river rat, or a killer bee, chance to affect: 57%)
The jelly evaporates and reforms as a killer bee!
The killer bee stings you.
* * * LOW HITPOINT WARNING * * *
The killer bee closely misses you.
You miss the killer bee. The killer bee stings you.
You die...

#########
#.#..#..#########.
#@y.......#.....'.
#.........#.....#
#.........'.....#.
########..##.####.
#.####..##'#....
#..........#....
#.........(#....
#..........'....
#..........#....


You could see a killer bee.

Vanquished Creatures
  Menkaure (D:7)
  An ice beast (D:6)
  2 black bears
  A bullfrog (D:4)
  A howler monkey (D:3)
  A bullfrog skeleton (D:7)
  2 jellies
  Terence (D:2)
  An iguana (D:4)
  5 adders
  3 gnolls (D:4)
  A howler monkey skeleton (D:4)
  An ufetubus (D:6)
  3 adder skeletons (D:4)
  3 dart slugs
  An orc (D:4)
  7 ball pythons
  7 bats
  5 endoplasms
  2 giant cockroaches (D:2)
  11 goblins
  6 hobgoblins
  6 kobolds
  5 quokkas
  4 frilled lizards
  7 rats
88 creatures vanquished.

Notes
Turn   | Place    | Note
-------+----------+-------------------------------------------
     0 | D:1      | SanguineChosen the Gargoyle Fighter began the quest for the
                  | Orb.
     0 | D:1      | Reached XP level 1. HP: 14/14 MP: 1/1
    57 | D:1      | Reached XP level 2. HP: 19/19 MP: 2/2
   765 | D:1      | Reached XP level 3. HP: 24/24 MP: 3/3
   926 | D:2      | Noticed Terence
   941 | D:2      | Killed Terence
   953 | D:2      | HP: 1/24 [adder (1)]
   962 | D:2      | Reached XP level 4. HP: 3/29 MP: 4/4
  1593 | D:3      | Reached XP level 5. HP: 29/33 MP: 5/5
  1691 | D:3      | Found an opulent altar of Gozag.
  1822 | D:3      | Found a sparkling altar of Nemelex Xobeh.
  2628 | D:4      | Reached skill level 1 in Stealth
  2636 | D:4      | Reached XP level 6. HP: 18/38 MP: 6/6
  2989 | D:4      | Found a glowing silver altar of Zin.
  3121 | D:4      | Reached skill level 1 in Dodging
  3531 | D:5      | Entered Level 5 of the Dungeon
  3531 | D:5      | You fall into a shaft and drop 2 floors!
  3531 | D:7      | Found an iron altar of Okawaru.
  3532 | D:7      | Found an ornate altar of the Wu Jian Council.
  3592 | D:7      | Noticed a black bear
  3601 | D:7      | Killed a black bear
  3602 | D:7      | Reached XP level 7. HP: 23/44 MP: 7/7
  3774 | D:7      | Noticed Menkaure
  3791 | D:7      | Reached skill level 5 in Armour
  3797 | D:7      | Killed Menkaure
  3798 | D:7      | Reached skill level 5 in Maces & Flails
  4068 | D:6      | Reached skill level 5 in Fighting
  4239 | D:6      | Slain by a killer bee

Illustrated notes

Levels and vault maps discovered:
D:1:      lightli_arrival_noodles, layout_rooms, nrook_campfire
D:2:      layout_rooms, minmay_hexomino_u4, uniq_terence
D:3:      layout_basic, nemelex_xobeh_ov_fountains_minmay,
          mainiacjoe_overflow_boulevard, lemuel_another_geyser
D:4:      layout_basic, zin_academy
D:5:      layout_rooms, grunt_ashenzari_visionary
          [grunt_ashenzari_visionary_swamp, grunt_ashenzari_visionary_snake]
D:6:      layout_gridville, tgw_xom, minmay_temple_entry_glassed_door,
          kennysheep_generic_room_5
D:7:      layout_loops_ring, okawaru_trees_1,
          mainiacjoe_overflow_concentric_impassable,
          mainiacjoe_overflow_six_doors_small, kennysheep_little_box, hex_tiny,
          eino_tiny_chamber, uniq_menkaure

Skill      XL: |  1  2  3  4  5  6  7 |
---------------+----------------------+-----
Maces & Flails | 3 4 5 |  5.7
Armour         | 4 5 |  5.7
Stealth        | 1 |  1.3
Fighting       | 4 5 |  5.0
Dodging        | 1 |  1.5
Shields        | 4 |  4.1
Throwing       | |  0.3

Action                   |  1- 3 |  4- 6 |  7- 9 || total
-------------------------+-------+-------+-------++-------
Melee: Flail             |    88 |   187 |    53 ||   328
Throw: Dart              |       |     2 |     2 ||     4
Evoke: Wand              |       |       |     2 ||     2
  Use: Potion            |       |     1 |     1 ||     2
Armor: Scale mail        |    68 |   129 |    40 ||   237
Dodge: Dodged            |    68 |   109 |    38 ||   215
Block: Buckler           |    20 |    38 |    12 ||    70
